 Dungeon Crawl Stone Soup version 0.28-a0-245-g639a1a48b9 (webtiles) character file.

Game seed: 10919014307906448334

219 dolemite99 the Vandal (level 5, -1/42 HPs)
             Began as a Minotaur Hunter on Aug 25, 2021.
             Succumbed to a killer bee's poison
             ... on level 3 of the Dungeon.
             The game lasted 00:04:25 (3418 turns).

dolemite99 the Vandal (Minotaur Hunter)             Turns: 3418, Time: 00:04:26

Health: -1/42      AC:  6    Str: 17    XL:     5   Next: 64%
Magic:  4/4        EV: 10    Int:  8    God:
Gold:   157        SH:  3    Dex: 11    Spells: 4/4 levels left

rFire   . . .      SeeInvis .   b - +0 short sword (elec)
rCold   . . .      Faith    .   l - +0 buckler
rNeg    . . .      Spirit   .   B - +0 ring mail
rPois   .          Reflect  .   (helmet restricted)
rElec   .          Harm     .   (no cloak)
rCorr   .          Rampage  .   (no gloves)
Will    .....                   t - +0 pair of boots
Stlth   +.........              (no amulet)
HPRegen 0.14/turn               (no ring)
MPRegen 0.09/turn               (no ring)

@: lethally poisoned (-1 -> -14), flying, hasted, very quick
A: horns 2, retaliatory headbutt
a: no special abilities


You were on level 3 of the Dungeon.
You visited 1 branch of the dungeon, and saw 4 of its levels.

You collected 157 gold pieces.

Inventory:

Hand Weapons
 a - a +1 hunting sling
 b - a +0 short sword of electrocution (weapon)
 r - a +0 flail
 w - a +0 short sword
Missiles
 d - 13 sling bullets
 f - 37 bolts
 g - 137 stones (quivered)
 p - a throwing net
 s - 13 arrows
 u - 31 poisoned darts
Armour
 l - a +0 buckler (worn)
 t - a +0 pair of boots (worn)
 B - a +0 ring mail (worn)
Magical Staves
 A - a staff of conjuration
Jewellery
 m - a +6 ring of dexterity
 q - a +6 ring of strength
 v - a ring of wizardry
Scrolls
 h - a scroll of noise {unknown}
 i - 4 scrolls of teleportation {unknown}
 j - a scroll of enchant armour {unknown}
 k - 5 scrolls of identify {unknown}
 n - a scroll of fear {unknown}
 y - a scroll of immolation {unknown}
Potions
 o - a potion of flight


   Skills:
 - Level 2.4 Fighting
 * Level 2.1 Short Blades
 + Level 7.2 Slings
 - Level 2.1 Dodging
 - Level 0.7 Stealth


You had 4 spell levels left.
You didn't know any spells.
Your spell library contained the following spells:

 Spells                   Type           Power      Damage    Failure   Level
 Ensorcelled Hibernation  Hex/Ice        0%         N/A       90%         2
 Spider Form              Tmut/Pois      0%         N/A       99%         3
 Shadow Creatures         Summ           N/A        N/A       100%        6


Dungeon Overview and Level Annotations

Branches:
Dungeon (4/15)
 Temple: D:4-7

Altars:
Qazlal
Sif Muna
Wu Jian


Innate Abilities, Weirdness & Mutations

You have a pair of horns on your head.
You reflexively headbutt those who attack you in melee.


Message History

You fly upwards.
There is a stone staircase leading down here.
You miss the killer bee.
The killer bee is heavily wounded.
The killer bee stings you.
You are poisoned.
The killer bee poisons you! The killer bee stings you.
You completely miss the killer bee.
The killer bee is heavily wounded.
You feel very sick. The killer bee stings you.
* * * LOW HITPOINT WARNING * * *
You are lethally poisoned!
The killer bee poisons you! The killer bee misses you.
It was a potion of haste.
You feel yourself speed up.
* * * LOW HITPOINT WARNING * * *
You feel very sick.
The killer bee stings you but does no damage. x2
You miss the killer bee.
The killer bee is heavily wounded.
* * * LOW HITPOINT WARNING * * *
You feel sick.
The killer bee stings you but does no damage.
You closely miss the killer bee. Your headbutt misses the killer bee.
The killer bee is heavily wounded.
* * * LOW HITPOINT WARNING * * *
You feel sick.
The killer bee stings you but does no damage.
The killer bee stings you.
* * * LOW HITPOINT WARNING * * *
You are more poisoned.
The killer bee poisons you!
You barely miss the killer bee.
The killer bee is moderately wounded.
* * * LOW HITPOINT WARNING * * *
You feel very sick. The killer bee barely misses you.
You hit the killer bee.
The killer bee is heavily wounded.
You die...

......# #......# ########.##
⌠...⌠.# #.####.###......#.#.
......# #.# #.............#.
.###### #.# #.......###.#... .#
##########.###...........#.#. .#
#.......##.#.#......#.####.#. .#
#.#####......#...............
.####.####.....#y#....#.######.#.
................@#..#<.........#.
.#######.#...###.####..#.########
..# #.#..###### #..#.# #.... #.#
#.#.......# #..#.# #.### #.#
#.#.#####.#######.# #.### #.#
#.#.# #.##....#.####....
#.######.#.# #.##.##.#.......#.
#........#.# #.##.##.#######.#.
#..#######.# #....##...# #.#.


You could see a killer bee.

Vanquished Creatures
  Robin (D:3)
  4 gnolls (D:2)
  8 adders
  2 dart slugs (D:1)
  4 orcs
  5 ball pythons
  6 endoplasms
  A giant cockroach (D:3)
  9 goblins
  11 hobgoblins
  7 jackals (D:2)
  5 kobolds
  4 quokkas
  6 bats
  5 frilled lizards
  9 rats
87 creatures vanquished.

Notes
Turn   | Place    | Note
-------+----------+-------------------------------------------
     0 | D:1      | dolemite99 the Minotaur Hunter began the quest for the Orb.
     0 | D:1      | Reached XP level 1. HP: 18/18 MP: 0/0
   377 | D:1      | Reached XP level 2. HP: 20/25 MP: 1/1
   381 | D:1      | Reached skill level 5 in Slings
  1187 | D:2      | Reached XP level 3. HP: 30/30 MP: 2/2
  1529 | D:2      | Reached skill level 6 in Slings
  1540 | D:2      | Reached XP level 4. HP: 15/37 MP: 3/3
  2290 | D:2      | Reached skill level 7 in Slings
  2290 | D:2      | Reached XP level 5. HP: 39/42 MP: 4/4
  2333 | D:2      | Found an ornate altar of the Wu Jian Council.
  2387 | D:3      | Found a faded altar of an unknown god.
  2512 | D:3      | Noticed Robin
  2521 | D:3      | Killed Robin
  2656 | D:3      | Reached skill level 1 in Short Blades
  3201 | D:3      | Found a stormy altar of Qazlal.
  3230 | D:3      | Found a shimmering blue altar of Sif Muna.
  3417 | D:3      | HP: 1/42 [poisoned by a killer bee]
  3418 | D:3      | Succumbed to a killer bee's poison

Illustrated notes

Levels and vault maps discovered:
D:1:      sevenhm_arrival_forest_fort_small_3, layout_loops_ring, minmay_unequal
D:2:      layout_rooms, basic_altar
D:3:      layout_basic, mainiacjoe_overflow_two_lobes,
          hellmonk_ecumenical_altar_run_dry, uniq_robin
D:4:      cheibrodos_helix_gallery, layout_rooms, grunt_temple_overflow_open

Skill      XL: |  1  2  3  4  5 |
---------------+----------------+-----
Slings         | 5 6 7 |  7.2
Short Blades   | 2 |  2.1
Fighting       | |  2.4
Dodging        | |  2.1
Stealth        | |  0.7

Action                   |  1- 3 |  4- 6 || total
-------------------------+-------+-------++-------
Melee: Short sword       |    11 |    41 ||    52
       Headbutt          |       |     6 ||     6
 Fire: Hunting sling     |    88 |   109 ||   197
Throw: Stone             |       |     2 ||     2
  Use: Potion            |       |     4 ||     4
 Stab: Sleeping          |       |     1 ||     1
Armor: Leather armour    |    10 |    12 ||    22
       Ring mail         |       |    16 ||    16
Dodge: Dodged            |    31 |    59 ||    90
Block: Buckler           |       |     2 ||     2

Table legend: (Time is in decaauts)
 A = Elapsed time spent in this place.
 B = Non-inter-level travel time spent in this place.
 C = Inter-level travel time spent in this place.
 D = Time resting spent in this place.
 E = Time spent auto-exploring this place.
 F = Levels seen in this place.
 G = Mean time per level.
                   A        B        C        D        E       F      G
               +--------+--------+--------+--------+--------+-----+--------+
         Total |   3393 |   3270 |    123 |    750 |   1825 |   4 |  848.2 |
       Dungeon |   3393 |   3270 |    123 |    750 |   1825 |   4 |  848.2 |
               +--------+--------+--------+--------+--------+-----+--------+

Top non-repeatable levels by time:
     D:2: 1180 daAuts
     D:1: 1178 daAuts
     D:3: 964 daAuts
     D:4: 69 daAuts
